Map: 死亡光环-天梯版

Players

Cyan

  • Race: Protoss Protoss
  • League: Master

夜蝶蝶蝶蝶蝶蝶蝶 (Firefly) - Winner!

  • Race: Protoss Protoss

Event: DreamHack SC2 Masters 2020 Winter

VOD

Have the link to the VOD?

Description

Time

  • Played on: Oct. 14, 2020, 8:15 a.m.
  • Length: 9:24

All games in this series

Show
View Real Time Build Order
Export as new Build Order

Cyan Protoss 

Build Orders:  

Get SALT Encoding   

  12  0:00  Probe  
  13  0:12  Probe  
  14  0:17  Pylon  
  14  0:24  Probe (Chrono Boost)  
  15  0:36  Probe (Chrono Boost)  
  15  0:37  Gateway  
  16  0:44  Probe (Chrono Boost)  
  16  0:46  Assimilator  
  17  0:51  Probe  
  17  0:55  Assimilator  
  18  1:03  Probe  
  19  1:14  Gateway  
  19  1:15  Probe  
  20  1:23  Pylon  
  20  1:27  Probe  
  20  1:29  Cybernetics Core  
  20  1:31  Zealot (Chrono Boost)  
  23  1:41  Probe  
  24  1:53  Probe  
  25  1:58  Cybernetics Core  
  25  2:05  Probe  
  25  2:06  Stalker (Chrono Boost), Warp Gate  
  28  2:13  Cybernetics Core  
  28  2:20  Pylon  
  28  2:34  Pylon  
  28  2:38  Stalker  
  30  2:53  Gateway  
  30  2:54  Gateway  
  30  3:00  Pylon  
  30  3:05  Assimilator, Probe  
  31  3:12  Stalker  
  32  3:26  Pylon  
  32  3:31  Shield Battery  
  32  4:00  Stalker x3  
  36  4:05  Pylon  
  34  4:23  Stalker x3  
  40  4:27  Twilight Council  
  40  4:47  Stalker x2  
  40  4:49  Stalker  
  40  5:17  Dark Shrine  
  38  5:29  Nexus  
  38  5:30  Probe  
  39  5:38  Pylon  
  39  5:43  Probe (Chrono Boost)  
  39  5:46  Blink (Chrono Boost)  
  40  5:55  Probe (Chrono Boost)  
  41  6:01  Probe (Chrono Boost)  
  41  6:03  Adept  
  44  6:08  Adept  
  44  6:10  Probe  
  46  6:23  Probe  
  47  6:35  Pylon  
  47  6:40  Pylon  
  47  6:41  Probe x2 (Chrono Boost)  
  47  6:52  Probe (Chrono Boost)  
  48  6:54  Probe (Chrono Boost)  
  48  6:56  Probe (Chrono Boost)  
  48  6:59  Dark Templar x2  
  52  7:03  Probe  
  52  7:06  Dark Templar  
  52  7:07  Probe  
  56  7:15  Probe  
  56  7:16  Shield Battery  
  56  7:17  Pylon  
  56  7:19  Probe  
  58  7:27  Probe  
  59  7:31  Probe  
  60  7:37  Forge  
  60  7:40  Probe  
  60  7:42  Stalker x2  
  60  7:43  Probe  
  66  7:45  Assimilator  
  66  7:49  Assimilator  
  66  7:51  Stalker  
  67  8:07  Probe x2  
  67  8:08  Pylon  
  67  8:09  Pylon  
  69  8:16  Archon  
  69  8:20  Probe  
  69  8:25  Pylon  
  69  8:26  Probe  
  71  8:35  Dark Templar  
  71  8:36  Stalker  
  71  8:40  Archon  
  75  8:47  Nexus  
  75  8:50  Pylon  
  75  8:59  Robotics Facility  
  75  9:07  Dark Templar  
  75  9:09  Stalker, Dark Templar  
  80  9:12  Pylon  
Show
View Real Time Build Order
Export as new Build Order

夜蝶蝶蝶蝶蝶蝶蝶 Protoss - Winner!

Build Orders: Oracle Opening 

Get SALT Encoding   

  12  0:00  Probe  
  13  0:12  Probe  
  14  0:17  Pylon  
  14  0:24  Probe (Chrono Boost)  
  15  0:36  Probe (Chrono Boost)  
  15  0:39  Gateway  
  16  0:45  Probe (Chrono Boost)  
  17  0:50  Assimilator  
  17  0:51  Probe  
  18  0:58  Pylon  
  18  1:03  Probe  
  19  1:10  Assimilator  
  19  1:16  Probe  
  20  1:20  Pylon  
  20  1:22  Assimilator  
  20  1:27  Cybernetics Core  
  20  1:29  Probe  
  21  1:37  Pylon  
  21  1:41  Zealot (Chrono Boost)  
  23  1:47  Probe  
  24  1:59  Probe  
  25  2:04  Stalker  
  27  2:11  Probe  
  27  2:14  Cybernetics Core  
  28  2:23  Probe  
  28  2:24  Warp Gate  
  28  2:28  Pylon  
  29  2:36  Stargate  
  29  2:39  Probe  
  30  2:47  Stalker  
  30  2:51  Probe  
  33  3:01  Pylon  
  33  3:04  Probe  
  34  3:16  Oracle (Chrono Boost)  
  37  3:36  Nexus  
  37  3:38  Void Ray (Chrono Boost)  
  41  3:58  Shield Battery  
  41  4:11  Gateway  
  41  4:13  Gateway  
  41  4:18  Shield Battery  
  41  4:19  Void Ray (Chrono Boost)  
  41  4:34  Stalker  
  43  4:42  Shield Battery  
  43  4:55  Void Ray (Chrono Boost)  
  47  5:11  Cybernetics Core  
  47  5:13  Zealot x3  
  53  5:22  Pylon  
  51  5:30  Void Ray (Chrono Boost)  
  51  5:34  Probe x2  
  57  5:46  Probe  
  57  5:47  Probe  
  59  5:50  Robotics Facility  
  59  5:58  Probe  
  59  5:59  Probe  
  59  6:03  Stalker x2  
  65  6:06  Stalker  
  65  6:10  Probe  
  68  6:21  Probe  
  69  6:30  Pylon  
  69  6:37  Pylon  
  69  6:38  Observer (Chrono Boost)  
  69  6:39  Pylon  
  70  6:48  Forge, Probe x2  
  70  6:49  Twilight Council  
  70  6:50  Assimilator  
  72  6:55  Immortal (Chrono Boost)  
  72  7:00  Probe x2  
  78  7:04  Pylon  
  78  7:12  Protoss Ground Weapons Level 1, Probe  
  78  7:14  Probe  
  80  7:17  Assimilator  
  80  7:22  Gateway x2  
  80  7:24  Gateway, Probe  
  81  7:33  Blink (Chrono Boost)  
  81  7:56  Warp Prism (Chrono Boost)  
  83  8:06  Stalker x3, Gateway  
  83  8:08  Gateway  
  89  8:16  Stalker  
  91  8:23  Pylon x2  
  91  8:25  Observer (Chrono Boost)  
  92  8:30  Stalker  
  94  8:43  Stalker x5  
  104  9:10  Stalker x3  
  104  9:13  Pylon x2  
Tags
 
Add a new tag
Caveats
  • Supply blocks, unpowered buildings, or Contaminate may cause inaccurate times.
  • Supply counts are checked every 10 seconds.